General information
- name: BNet
- type: Ladder team game (AT/RT)
- host: Battle.net
- saver: BreatheIfUHorny
map: Deadlock
- players: 8
- length: 20:52
- speed: Fast
- version: 1.26 W3XP
- replay type: Public
» download(124 KB)
Players
team 1 (winner)
kendokhan (
green | 37 APM | 778 actions | 20:51)
5 Demon Hunter
3 Mana Burn
2 Evasion
4 Priestess of the Moon
2 Trueshot Aura
2 Searing Arrows
» actions
| Assign group hotkey | 17 | |
| Basic commands | 16 | |
| Build / train | 76 | |
| Enter build submenu | 14 | |
| Enter hero's abilities submenu | 9 | |
| Right click | 313 | |
| Select / deselect | 237 | |
| Select group hotkey | 44 | |
| Use ability | 52 | |
778 total
» units
| Wisp | 11 | |
| Archer | 21 | |
| Hippogryph | 11 | |
43 total
» upgrades
| Improved Bows | 1 | |
| Hippogryph Taming | 1 | |
| Marksmanship | 1 | |
| Strength of the Moon | 3 | |
| Moon Armor | 2 | |
| Reinforced Hides | 2 | |
| Strength of the Wild | 2 | |
12 total
» buildings
| Altar of Elders | 1 | |
| Moon Well | 6 | |
| Ancient of War | 1 | |
| Ancient of Wonders | 1 | |
| Tree of Ages | 1 | |
| Hunter's Hall | 1 | |
| Tree of Eternity | 1 | |
| Ancient of Wind | 2 | |
| Tree of Life | 1 | |
15 total
» build order
00:09 Altar of Elders
00:11 Moon Well
00:36 Ancient of War
01:18 Moon Well
01:57 Ancient of Wonders
03:38 Tree of Ages
04:35 Moon Well
05:01 Hunter's Hall
05:09 Moon Well
05:59 Moon Well
06:47 Tree of Eternity
06:51 Ancient of Wind
06:54 Ancient of Wind
10:21 Moon Well
19:41 Tree of Life
» items
| Healing Salve | 3 | |
| Scroll of Speed | 1 | |
| Potion of Healing | 1 | |
| Dust of Appearance | 1 | |
| Orb of Venom | 1 | |
| Scroll of Town Portal | 1 | |
8 total

»
AllahFuksJesus (
yellow | 68 APM | 1415 actions | 20:51)
5 Tauren Chieftain
3 War Stomp
2 Endurance Aura
4 Shadow Hunter
2 Healing Wave
2 Hex
1 Blademaster
1 Wind Walk
» actions
| Assign group hotkey | 20 | |
| Build / train | 115 | |
| Enter build submenu | 29 | |
| Enter hero's abilities submenu | 10 | |
| Give item / drop item | 2 | |
| Remove unit from queue | 2 | |
| Right click | 311 | |
| Select / deselect | 187 | |
| Select group hotkey | 605 | |
| Use ability | 134 | |
1415 total
» units
| Peon | 31 | |
| Troll Headhunter/Berserker | 11 | |
| Shaman | 3 | |
45 total
» upgrades
| Spiked Barricades | 1 | |
| Troll Regeneration | 1 | |
| Armor | 3 | |
| Ranged Weapons | 4 | |
| Berserker Upgrade | 1 | |
| Shaman Training | 2 | |
| Witch Doctor Training | 1 | |
13 total
» buildings
| Orc Burrow | 7 | |
| Altar of Storms | 1 | |
| War Mill | 2 | |
| Barracks | 2 | |
| Watch Tower | 20 | |
| Voodoo Lounge | 3 | |
| Great Hall | 3 | |
| Stronghold | 2 | |
| Fortress | 3 | |
| Spirit Lodge | 3 | |
46 total
» build order
00:22 Orc Burrow
00:36 Altar of Storms
00:52 War Mill
01:22 Barracks
02:08 Barracks
02:27 Orc Burrow
02:38 Watch Tower
02:57 Voodoo Lounge
03:13 Watch Tower
03:58 Watch Tower
04:46 Great Hall
05:17 Orc Burrow
06:03 Watch Tower
06:03 Watch Tower
06:04 Watch Tower
06:05 Watch Tower
07:21 Great Hall
07:57 Stronghold
07:58 Stronghold
08:45 Orc Burrow
09:30 Great Hall
09:33 Watch Tower
09:33 Watch Tower
09:35 Watch Tower
09:36 Watch Tower
09:37 Watch Tower
09:38 Watch Tower
09:39 Watch Tower
09:40 Watch Tower
10:22 Watch Tower
10:23 Watch Tower
11:59 Fortress
11:59 Fortress
12:27 Watch Tower
12:32 Watch Tower
12:32 Watch Tower
14:10 Spirit Lodge
14:11 Spirit Lodge
14:11 Spirit Lodge
14:14 Orc Burrow
14:15 Orc Burrow
14:16 Orc Burrow
14:18 Voodoo Lounge
14:19 Voodoo Lounge
19:16 War Mill
» items
| Healing Salve | 4 | |
| Lesser Clarity Potion | 6 | |
| Scroll of Speed | 2 | |
| Potion of Lesser Invulnerability | 1 | |
| Potion of Healing | 7 | |
| Potion of Mana | 5 | |
| Orb of Lightning | 3 | |
| Scroll of Town Portal | 3 | |
31 total
CoIdBlooded (
blue | 42 APM | 881 actions | 20:51)
3 Demon Hunter
1 Mana Burn
2 Evasion
2 Priestess of the Moon
1 Trueshot Aura
1 Searing Arrows
2 Keeper of the Grove
1 Entangling Roots
1 Thorns Aura
» actions
| Assign group hotkey | 2 | |
| Basic commands | 1 | |
| Build / train | 62 | |
| Enter build submenu | 23 | |
| Enter hero's abilities submenu | 7 | |
| Right click | 343 | |
| Select / deselect | 360 | |
| Select group hotkey | 10 | |
| Use ability | 73 | |
881 total
» units
| Wisp | 24 | |
| Archer | 5 | |
| Dryad | 3 | |
| Druid of the Claw | 7 | |
39 total
» upgrades
| Strength of the Wild | 3 | |
| Reinforced Hides | 3 | |
| Abolish Magic | 1 | |
| Druid of the Claw Training | 2 | |
| Well Spring | 1 | |
| Mark of the Claw | 1 | |
11 total
» buildings
| Altar of Elders | 1 | |
| Moon Well | 8 | |
| Ancient of War | 1 | |
| Hunter's Hall | 1 | |
| Tree of Ages | 1 | |
| Ancient Protector | 3 | |
| Tree of Life | 5 | |
| Tree of Eternity | 1 | |
| Ancient of Lore | 2 | |
23 total
» build order
00:18 Altar of Elders
00:26 Moon Well
01:08 Moon Well
02:03 Ancient of War
02:40 Moon Well
02:46 Hunter's Hall
03:13 Tree of Ages
03:50 Ancient Protector
06:03 Tree of Life
06:11 Ancient Protector
07:09 Tree of Eternity
07:14 Ancient of Lore
07:15 Ancient of Lore
07:35 Moon Well
08:08 Tree of Life
08:10 Ancient Protector
08:15 Tree of Life
08:24 Tree of Life
10:55 Moon Well
11:59 Moon Well
17:09 Tree of Life
17:55 Moon Well
17:56 Moon Well
BreatheIfUHorny (
pink | 57 APM | 1185 actions | 20:52)
5 Blood Mage
3 Flame Strike
2 Siphon Mana
» actions
| Assign group hotkey | 88 | |
| Basic commands | 8 | |
| Build / train | 83 | |
| Enter build submenu | 36 | |
| Enter hero's abilities submenu | 5 | |
| Give item / drop item | 1 | |
| Remove unit from queue | 2 | |
| Right click | 425 | |
| Select / deselect | 322 | |
| Select group hotkey | 107 | |
| Use ability | 108 | |
1185 total
» units
| Peasant | 18 | |
| Footman | 5 | |
| Sorceress | 3 | |
| Dragonhawk Rider | 2 | |
28 total
» upgrades
| Lumber Harvesting | 2 | |
| Masonry | 3 | |
| Sorceress Training | 1 | |
| Magic Sentry | 1 | |
| Defend | 1 | |
| Swords | 2 | |
| Armor | 2 | |
| Cloud | 1 | |
| Animal War Training | 1 | |
14 total
» buildings
| Altar of Kings | 1 | |
| Barracks | 1 | |
| Farm | 11 | |
| Keep | 1 | |
| Town Hall | 1 | |
| Arcane Vault | 1 | |
| Lumber Mill | 2 | |
| Scout Tower | 17 | |
| Guard Tower | 7 | |
| Arcane Sanctum | 1 | |
| Arcane Tower | 1 | |
| Castle | 1 | |
| Gryphon Aviary | 3 | |
| Blacksmith | 2 | |
50 total
» build order
00:40 Altar of Kings
00:41 Barracks
00:53 Farm
01:06 Farm
01:07 Farm
02:19 Farm
03:31 Keep
03:52 Town Hall
04:03 Arcane Vault
04:06 Lumber Mill
05:04 Scout Tower
05:08 Scout Tower
05:16 Scout Tower
05:19 Scout Tower
05:21 Scout Tower
05:36 Guard Tower
06:12 Arcane Sanctum
06:30 Guard Tower
06:35 Scout Tower
06:36 Scout Tower
06:37 Scout Tower
06:45 Scout Tower
06:48 Scout Tower
07:21 Guard Tower
07:45 Arcane Tower
07:51 Guard Tower
07:52 Guard Tower
07:55 Scout Tower
07:56 Scout Tower
07:56 Scout Tower
08:11 Scout Tower
08:11 Scout Tower
08:12 Scout Tower
08:14 Scout Tower
08:56 Guard Tower
10:18 Guard Tower
11:48 Castle
13:39 Gryphon Aviary
13:40 Gryphon Aviary
13:40 Gryphon Aviary
13:45 Farm
13:46 Farm
13:49 Blacksmith
13:53 Blacksmith
14:30 Lumber Mill
16:50 Farm
16:50 Farm
16:50 Farm
16:52 Farm
16:53 Farm
» items
| Scroll of Regeneration | 5 | |
| Boots of Speed | 1 | |
| Staff of Teleportation | 1 | |
| Potion of Invisibility | 3 | |
| Periapt of Vitality | 1 | |
| Potion of Healing | 2 | |
| Potion of Mana | 2 | |
| Lesser Clarity Potion | 2 | |
| Scroll of Town Portal | 5 | |
22 total
team 2 (loser)
Kbilly (
red | 46 APM | 920 actions | 19:50)
4 Blademaster
2 Mirror Image
1 Wind Walk
1 Critical Strike
1 Tauren Chieftain
1 Endurance Aura
» actions
| Assign group hotkey | 20 | |
| Basic commands | 29 | |
| Build / train | 64 | |
| Enter build submenu | 33 | |
| Enter hero's abilities submenu | 5 | |
| Give item / drop item | 1 | |
| Right click | 154 | |
| Select / deselect | 201 | |
| Select group hotkey | 314 | |
| Use ability | 99 | |
920 total
» units
| Peon | 22 | |
| Grunt | 6 | |
| Troll Witch Doctor | 2 | |
| Shaman | 1 | |
| Tauren | 2 | |
33 total
» upgrades
| Armor | 2 | |
| Melee Weapons | 2 | |
| Spiked Barricades | 1 | |
| Berserker Strength | 1 | |
| Witch Doctor Training | 2 | |
| Shaman Training | 2 | |
| Reinforced Defenses | 1 | |
| Pulverize | 1 | |
12 total
» buildings
| Altar of Storms | 1 | |
| Orc Burrow | 10 | |
| Barracks | 1 | |
| Voodoo Lounge | 1 | |
| War Mill | 1 | |
| Stronghold | 1 | |
| Great Hall | 1 | |
| Watch Tower | 13 | |
| Fortress | 1 | |
| Spirit Lodge | 2 | |
| Tauren Totem | 2 | |
34 total
» build order
00:10 Altar of Storms
00:19 Orc Burrow
00:51 Barracks
01:26 Orc Burrow
01:48 Voodoo Lounge
03:05 Orc Burrow
03:47 War Mill
04:20 Stronghold
04:59 Great Hall
05:29 Watch Tower
06:45 Fortress
06:50 Spirit Lodge
06:54 Spirit Lodge
08:36 Orc Burrow
09:16 Tauren Totem
09:18 Tauren Totem
10:50 Orc Burrow
11:03 Orc Burrow
11:09 Watch Tower
12:29 Orc Burrow
13:01 Watch Tower
13:07 Watch Tower
13:08 Watch Tower
13:09 Watch Tower
13:30 Watch Tower
13:50 Watch Tower
14:58 Watch Tower
15:28 Watch Tower
15:37 Orc Burrow
15:47 Watch Tower
15:57 Orc Burrow
16:00 Orc Burrow
16:41 Watch Tower
17:46 Watch Tower
» items
| Healing Salve | 3 | |
| Lesser Clarity Potion | 1 | |
| Orb of Lightning | 2 | |
| Scroll of Town Portal | 3 | |
| Scroll of Speed | 1 | |
10 total
RBI411 (
purple | 37 APM | 776 actions | 20:51)
4 Pandaren Brewmaster
2 Breath of Fire
1 Drunken Haze
1 Drunken Brawler
1 Warden
1 Fan of Knives
» actions
| Basic commands | 7 | |
| Build / train | 52 | |
| Enter build submenu | 15 | |
| Enter hero's abilities submenu | 5 | |
| Right click | 350 | |
| Select / deselect | 285 | |
| Use ability | 62 | |
776 total
» units
| Wisp | 20 | |
| Archer | 9 | |
| Dryad | 3 | |
| Wind Rider | 4 | |
36 total
» upgrades
| Abolish Magic | 1 | |
| Strength of the Wild | 1 | |
| Reinforced Hides | 1 | |
3 total
» buildings
| Altar of Elders | 2 | |
| Moon Well | 8 | |
| Ancient of War | 2 | |
| Ancient of Wonders | 1 | |
| Tree of Ages | 1 | |
| Hunter's Hall | 1 | |
| Ancient of Lore | 2 | |
| Tree of Eternity | 1 | |
| Tree of Life | 1 | |
19 total
» build order
00:08 Altar of Elders
00:11 Moon Well
00:32 Ancient of War
01:36 Moon Well
02:31 Ancient of War
02:35 Ancient of Wonders
02:38 Moon Well
04:44 Tree of Ages
05:03 Hunter's Hall
08:45 Ancient of Lore
08:54 Ancient of Lore
09:36 Tree of Eternity
09:42 Moon Well
11:09 Tree of Life
11:28 Moon Well
15:45 Altar of Elders
15:50 Moon Well
15:51 Moon Well
18:29 Moon Well
» items
| Scroll of Town Portal | 3 | |
| Orb of Venom | 1 | |
4 total

»
Good13ye (
orange | 49 APM | 828 actions | 17:03)
2 Blademaster
1 Wind Walk
1 Critical Strike
» actions
| Build / train | 40 | |
| Enter build submenu | 11 | |
| Enter hero's abilities submenu | 2 | |
| Right click | 595 | |
| Select / deselect | 128 | |
| Use ability | 52 | |
828 total
» units
» upgrades
| Pillage | 1 | |
| Ranged Weapons | 3 | |
| Armor | 2 | |
| Envenomed Spears | 1 | |
7 total
» buildings
| Altar of Storms | 1 | |
| Orc Burrow | 4 | |
| Barracks | 1 | |
| Voodoo Lounge | 1 | |
| War Mill | 1 | |
| Stronghold | 1 | |
| Fortress | 1 | |
| Spirit Lodge | 1 | |
| Beastiary | 2 | |
13 total
» build order
00:07 Altar of Storms
00:15 Orc Burrow
00:22 Barracks
01:40 Voodoo Lounge
02:06 War Mill
03:34 Stronghold
06:14 Fortress
06:23 Spirit Lodge
06:51 Beastiary
06:56 Beastiary
07:13 Orc Burrow
07:19 Orc Burrow
07:27 Orc Burrow
» items
| Lesser Clarity Potion | 1 | |
| Healing Salve | 4 | |
| Scroll of Town Portal | 2 | |
| Potion of Mana | 1 | |
| Orb of Lightning | 1 | |
| Potion of Healing | 1 | |
10 total
playa26 (
teal | 20 APM | 343 actions | 17:06)
3 Demon Hunter
2 Immolation
1 Evasion
» actions
| Basic commands | 12 | |
| Build / train | 71 | |
| Enter build submenu | 17 | |
| Enter hero's abilities submenu | 3 | |
| Right click | 74 | |
| Select / deselect | 132 | |
| Use ability | 34 | |
343 total
» units
| Wisp | 17 | |
| Archer | 22 | |
| Huntress | 2 | |
| Hippogryph | 18 | |
59 total
» upgrades
| Strength of the Moon | 2 | |
| Improved Bows | 1 | |
| Hippogryph Taming | 1 | |
| Moon Armor | 1 | |
| Marksmanship | 1 | |
6 total
» buildings
| Moon Well | 6 | |
| Altar of Elders | 1 | |
| Ancient of War | 1 | |
| Hunter's Hall | 1 | |
| Tree of Ages | 1 | |
| Tree of Life | 1 | |
| Ancient of Wind | 1 | |
| Tree of Eternity | 1 | |
| Ancient of Wonders | 1 | |
| Chimaera Roost | 3 | |
17 total
» build order
00:25 Moon Well
00:38 Altar of Elders
00:53 Ancient of War
01:44 Moon Well
02:41 Moon Well
03:41 Hunter's Hall
03:49 Tree of Ages
05:42 Moon Well
05:58 Tree of Life
07:08 Ancient of Wind
07:20 Moon Well
09:01 Moon Well
12:18 Tree of Eternity
14:36 Ancient of Wonders
15:31 Chimaera Roost
15:34 Chimaera Roost
15:41 Chimaera Roost
Chat log
(00:05 / All) AllahFuksJesus: hey teal
(00:11 / All) AllahFuksJesus: hope u dont get last place like last game :
(00:15 / All) AllahFuksJesus: :)
(00:33 / Allies) CoIdBlooded: bears dryads
(00:55 / Allies) CoIdBlooded: i gues im horny pink
(01:03 / Allies) BreatheIfUHorny: Thas righ'
(01:10 / Allies) AllahFuksJesus: are u flirting with pink
(01:13 / Allies) AllahFuksJesus: nows not the right time
(01:22 / Allies) CoIdBlooded: hey pink what u doing tonight
(01:35 / Allies) BreatheIfUHorny: Gonna go muddin' in the dark
(01:45 / Allies) AllahFuksJesus: is that a euphamism for anal sex?
(01:50 / Allies) BreatheIfUHorny: Boy
(01:58 / Allies) AllahFuksJesus: or a girl?
(01:58 / Allies) BreatheIfUHorny: now just what are you implyin?
(02:00 / Allies) CoIdBlooded: haha was gonna say u mind if i park my truck in your garage
(02:00 / Allies) AllahFuksJesus: or just gay
(02:10 / Allies) BreatheIfUHorny: I do mind
(02:14 / Allies) AllahFuksJesus: oh so blues the top
(02:15 / Allies) BreatheIfUHorny: I got my trucks in that garage
(02:17 / Allies) AllahFuksJesus: and pinks the bottom
(02:24 / Allies) CoIdBlooded: all the better
(04:12 / Allies) AllahFuksJesus: my base has d
(09:44 / Allies) CoIdBlooded: wood plz
(11:41 / Allies) AllahFuksJesus: ty
(11:44 / Allies) CoIdBlooded: ty
(11:54 / Allies) CoIdBlooded: what a wonderful teamate
(12:06 / Allies) AllahFuksJesus: or a teammate that cant spend his money
(12:10 / Allies) AllahFuksJesus: half empty half full
(12:21 / Allies) CoIdBlooded: true
(13:12 / All) AllahFuksJesus: nub
(13:56 / Allies) AllahFuksJesus: back
(14:48 / Allies) AllahFuksJesus: are u stuck
(15:19 / Allies) CoIdBlooded: lol y did noone help purple
(15:53 / All) Good13ye: ur pro u go invisible everytime
(15:55 / All) Good13ye: ha
(16:00 / All) AllahFuksJesus: teal
(16:04 / All) AllahFuksJesus: u might not be last this time
(16:15 / All) Good13ye: pink is such a noob
(16:22 / All) BreatheIfUHorny: lol
(17:10 / All) BreatheIfUHorny: KBilly
(17:14 / All) Kbilly: Hi.
(17:19 / All) BreatheIfUHorny: 3 losses courtesy of me
(17:25 / All) BreatheIfUHorny: 2 while on your team
(17:36 / All) Kbilly: Are you sure?
(17:38 / All) BreatheIfUHorny: YEs
(18:06 / All) BreatheIfUHorny: you are a fugitive of the law
(18:41 / Allies) BreatheIfUHorny: getting cloud
(19:52 / All) CoIdBlooded: Good game
(19:57 / All) RBI411: not especially
(19:58 / All) kendokhan: gg
(20:13 / All) AllahFuksJesus: i didnt play as well as i usually do
(20:33 / Allies) CoIdBlooded: use cloud thing pink